 Dungeon Crawl Stone Soup version 0.23-a0-516-g0f8c245 (webtiles) character file.

59 theanonym the Vexing (level 3, -5/26 HPs)
             Began as a Mummy Enchanter on Dec 5, 2018.
             Killed from afar by a dart slug (8 damage)
             ... with a slug dart
             ... on level 2 of the Dungeon.
             The game lasted 00:01:44 (2532 turns).

theanonym the Vexing (Mummy Enchanter)              Turns: 2532, Time: 00:01:44

Health: -5/26      AC:  4    Str: 12    XL:     3   Next: 78%
Magic:  7/7        EV:  9    Int: 14    God:
Gold:   71         SH:  7    Dex: 12    Spells: 6/7 levels left

rFire    x . .     SeeInvis .   a - +1 dagger
rCold    + . .     Gourm    .   g - +0 shield
rNeg     + + +     Faith    .   b - +0 robe
rPois    ∞         Spirit   .   (no helmet)
rElec    .         Reflect  .   d - +0 cloak
rCorr    .         Harm     .   m - +0 pair of gloves
MR       .....                  (no boots)
Stlth    ++........             (no amulet)
HPRegen  0.08/turn              (no ring)
MPRegen  0.10/turn              (no ring)

@: no status effects
A: no food or potions, fire vulnerability, cold resistance 1, negative energy
resistance 3, torment resistance, unbreathing
a: no special abilities


Innate Abilities, Weirdness & Mutations

You do not eat or drink.
Your flesh is vulnerable to fire.
You are immune to poison.
Your flesh is cold resistant. (rC+)
You are immune to negative energy. (rN+++)
You are immune to unholy pain and torment.
You can survive without breathing.


   Skills:
 + Level 1.5 Fighting
 * Level 2.3 Short Blades
 - Level 1.5 Dodging
 - Level 2.4 Stealth
 + Level 0.8 Shields
 - Level 2.6 Spellcasting
 - Level 2.6 Hexes


You had 6 spell levels left.
You knew the following spells:

 Your Spells              Type           Power        Failure   Level  Hunger
a - Corona                Hex            #......      41%         1    N/A

Your spell library contained the following spells:

 Spells                   Type           Power        Failure   Level  Hunger
 Ensorcelled Hibernation  Hex/Ice        #.....       75%         2    N/A
 Confuse                  Hex            #.......     80%         3    N/A
 Tukima's Dance           Hex            #.......     80%         3    N/A
 Dazzling Spray           Conj/Hex       #.....       93%         3    N/A

Skill      XL: |  1  2 |
---------------+-------+-----
Short Blades   | 1 2 |  2.3
Fighting       | 1 |  1.5
Dodging        | |  1.5
Stealth        | |  2.4
Shields        | |  0.8
Spellcasting   | |  2.6
Hexes          | |  2.6

Action                   || total
-------------------------++-------
Melee: Dagger            ||   207
 Stab: Sleeping          ||     9
Armor: Robe              ||    49
Dodge: Dodged            ||   122
Block: Shield            ||    55

Inventory:

Hand Weapons
 a - a +1 dagger (weapon)
Missiles
 l - a throwing net (quivered)
Armour
 b - a +0 robe (worn)
 d - a +0 cloak (worn)
   (You found it on level 1 of the Dungeon)
 g - a +0 shield (worn)
   (You found it on level 1 of the Dungeon)
 m - a +0 pair of gloves (worn)
   (You found it on level 2 of the Dungeon)
Scrolls
 c - 2 scrolls of amnesia {unknown}
 e - 2 scrolls of identify {unknown}
 f - a scroll of noise {unknown}
 h - a scroll of enchant armour {unknown}
 i - 3 scrolls of remove curse {unknown}
 j - a scroll of random uselessness {unknown}
 k - 3 scrolls of magic mapping {unknown}


You were on level 2 of the Dungeon.
You were not hungry.

You visited 1 branch of the dungeon, and saw 2 of its levels.

You collected 71 gold pieces.

Dungeon Overview and Level Annotations

Branches:
Dungeon (2/15)

Altars:

.# #.####.####........#
###### .# .# #.# ########.#
#..... .####.# #)#
###.#.####.#### ...##.####.#
..###.....# (..........#
#.#.###### ##.##.###### #.##
#.##.##### # #.#######
#.##.....# #.#######........
#........####..@††....†..####
####..........##w###.###.$...
#...)...............# #####
##.###.#.####.##.###.# #..#
#...# # #.# #.# #..###.###
..# #.# #......# ### #.# .#
#.##.### #.# .# #.##.# #.#
##.#


You could see a dart slug.

Notes
Turn   | Place    | Note
-------+----------+-------------------------------------------
     0 | D:1      | theanonym the Mummy Enchanter began the quest for the Orb.
     0 | D:1      | Reached XP level 1. HP: 13/13 MP: 4/4
   172 | D:1      | Reached skill level 1 in Short Blades
   333 | D:1      | HP: 5/14 [hobgoblin/+0 club (4)]
   533 | D:1      | Reached XP level 2. HP: 14/20 MP: 5/5
   636 | D:1      | HP: 10/20 [kobold (4)]
   821 | D:1      | Reached skill level 1 in Fighting
  1293 | D:1      | Reached skill level 2 in Short Blades
  1513 | D:1      | HP: 10/21 [giant cockroach (1)]
  1514 | D:1      | Reached XP level 3. HP: 13/26 MP: 7/7
  2217 | D:2      | HP: 13/26 [leopard gecko (3)]
  2523 | D:2      | HP: 12/26 [quokka (3)]
  2528 | D:2      | HP: 8/26 [quokka (4)]
  2529 | D:2      | HP: 3/26 [dart slug/slug dart (4)]
  2532 | D:2      | Killed from afar by a dart slug

Vanquished Creatures
  An adder (D:2)
  3 leopard geckos
  15 bats
  A giant cockroach (D:1)
  3 goblins
  6 hobgoblins
  A quokka (D:2)
  4 frilled lizards
  7 kobolds
  7 rats
48 creatures vanquished.

Table legend:
 A = Turns spent in this place as a percentage of turns spent in the entire game.
 B = Non-inter-level travel turns spent in this place as a percentage of non-inter-level travel turns spent in the entire game.
 C = Inter-level travel turns spent in this place as a percentage of turns spent in this place.
 D = Turns resting spent in this place as a percentage of non-inter-level travel turns spent in this place.
 E = Turns spent auto-exploring this place as a percentage of non-inter-level travel turns spent in this place.
 F = Non-inter-level travel turns spent in this place divided by the number of levels of this place that you've seen.
                   A       B       C       D       E      F
               +-------+-------+-------+-------+-------+----------------------
         Total | 100.0 | 100.0 |   1.1 |  42.5 |  41.2 | 1252.0
       Dungeon | 100.0 | 100.0 |   1.1 |  42.5 |  41.2 | 1252.0
               +-------+-------+-------+-------+-------+----------------------
